 Dungeon Crawl Stone Soup version 0.29.1-12-g30fa7ad0bf (webtiles) character file.

Game seed: 4768665280730241257

1541904 raph the Conqueror (level 25, 282/282 HPs)
             Began as a Minotaur Berserker on Dec 24, 2022.
             Was an Elder of Trog.
             Escaped with the Orb
             ... and 3 runes!
             The game lasted 01:50:24 (78961 turns).

raph the Conqueror (Minotaur Berserker)            Turns: 78961, Time: 01:50:24

Health: 282/282    AC: 53    Str: 29 (31) XL:     25   Next: 59%
Magic:  22/22      EV: 19    Int:  1 (8)  God:    Trog [****..]
Gold:   4384       SH:  0    Dex: 14 (18) Spells: 24/24 levels left

rFire   . . .      SeeInvis +   a - +9 executioner's axe (elec)
rCold   . . .      Faith    .   (shield currently unavailable)
rNeg    . . .      Spirit   .   J - +10 plate armour of Mifrurau {rElec Will+ Str-3 Int+4}
rPois   .          Reflect  .   D - +2 hat
rElec   +          Harm     .   R - +2 cloak {rCorr}
rCorr   +          Rampage  .   m - +2 pair of gloves {hurl}
Will    ++...                   C - +4 pair of boots "Xetaw" {rElec Str+8}
Stlth   ..........              P - amulet of regeneration
HPRegen 1.37/turn               f - ring of see invisible
MPRegen 0.18/turn               Z - +4 ring of protection

@: studying 2 skills
A: horns 2, retaliatory headbutt, iridescent scales 1, robust 1, subdued magic
1, inability to drink after injury 1, inability to read after injury 1
0: Orb of Zot
}: 3/15 runes: decaying, serpentine, abyssal
a: Renounce Religion, Berserk, Trog's Hand, Brothers in Arms


You escaped.
You worshipped Trog.
Trog was greatly pleased with you.
You visited 10 branches of the dungeon, and saw 47 of its levels.
You visited the Abyss 1 time.
You visited 1 bazaar.
You also visited: Bailey, Gauntlet and Volcano.

You collected 7640 gold pieces.
You spent 3256 gold pieces at shops.

Inventory:

Hand Weapons
 a - a +9 executioner's axe of electrocution (weapon)
 b - a +6 battleaxe of flaming
 S - a +2 vorpal executioner's axe
Missiles
 c - 41 boomerangs
 E - 2 curare-tipped darts
 F - 84 poisoned darts
 G - 8 silver javelins (quivered)
 O - 15 javelins
 W - 2 throwing nets
Armour
 m - a +2 pair of gloves of hurling (worn)
 C - the +4 pair of boots "Xetaw" (worn) {rElec Str+8}
   (You found it on level 9 of the Dungeon)

   Str:       It affects your strength (+8).
   rElec:     It insulates you from electricity.
 D - a +2 hat (worn)
 J - the +10 plate armour of Mifrurau (worn) {rElec Will+ Str-3 Int+4}
   (You bought it in a shop on level 2 of the Orcish Mines)

   Str:       It affects your strength (-3).
   Int:       It affects your intelligence (+4).
   rElec:     It insulates you from electricity.
   Will:      It increases your willpower.
 L - +3 gold dragon scales
 R - a +2 cloak of preservation (worn)
Jewellery
 f - a ring of see invisible (left hand)
 P - an amulet of regeneration (around neck)
 Z - a +4 ring of protection (right hand)
Wands
 o - a wand of charming (36)
 q - a wand of iceblast (40)
 y - a wand of light (4)
 B - a wand of mindburst (17)
 H - a wand of flame (103)
Scrolls
 g - 12 scrolls of fog
 h - 6 scrolls of fear
 l - 23 scrolls of teleportation
 x - 6 scrolls of blinking
 K - 2 scrolls of enchant weapon
 M - a scroll of magic mapping
 T - 4 scrolls of silence
 X - 11 scrolls of poison
 Y - 3 scrolls of brand weapon
Potions
 d - 8 potions of invisibility
 j - 27 potions of curing
 n - 7 potions of magic
 r - 7 potions of mutation
 s - 6 potions of heal wounds
 u - 2 potions of flight
 v - 7 potions of might
 w - 3 potions of resistance
 z - 3 potions of haste
 A - 4 potions of berserk rage
 I - 6 potions of ambrosia
 V - 7 potions of cancellation
Miscellaneous
 e - a condenser vane
 k - a tin of tremorstones (2/2)
 N - a lightning rod (4/4)
 Q - a box of beasts
 U - a phantom mirror


   Skills:
 O Level 27 Fighting
 O Level 27 Axes
 + Level 20.3 Throwing
 + Level 24.1 Armour
 + Level 24.0 Dodging
 - Level 12.1 Evocations


You had 24 spell levels left.
You didn't know any spells.
Your spell library was empty.

Dungeon Overview and Level Annotations

Branches:
Dungeon (15/15)            Temple (1/1) D:5            Lair (5/5) D:9
  Swamp (4/4) Lair:2        Snake (4/4) Lair:3        Slime (0/5) Lair:4
    Orc (2/2) D:11            Elf (3/3) Orc:2        Vaults (4/5) D:13
  Crypt (0/3) Vaults:3     Depths (4/4) D:15            Zot (5/5) Depths:4
 Bailey (visited)         Volcano (visited)         Gauntlet (visited)

Altars:
Ashenzari
Cheibriados
Dithmenos
Elyvilon
Fedhas
Gozag
Hepliaklqana
Kikubaaqudgha
Makhleb
Nemelex Xobeh
Okawaru
Qazlal
Ru
Sif Muna
Trog
Uskayaw
Vehumet
Wu Jian
Xom
Yredelemnul
Zin
The Shining One
Jiyva
Lugonu

Shops:
Orc:2 [([?   Elf:2 !=*   Elf:3 (   Snake:4 =   Vaults:1 *(   Vaults:4 [

Portals:
Hell: Depths:1 Depths:2 Depths:3 Depths:4
Abyss: Depths:1* Depths:3
Pandemonium: Depths:2 Depths:4
Ziggurat: Depths:4

Annotations:
Zot:3 2 transporters, 3 runed translucent doors, Feyrolex's ghost, veteran VSFi; Hicanoach's ghost, master DsGl; Jofris Vesimp's ghost, legendary GnFE


Innate Abilities, Weirdness & Mutations

You have a pair of horns on your head.
You reflexively headbutt those who attack you in melee.
You are partially covered in iridescent scales. (AC +2)
You are robust. (+10% HP)
Your spells are a little easier to cast, but a little less powerful.
You occasionally lose the ability to drink potions when taking damage.
You occasionally lose the ability to read scrolls when taking damage.


Message History

You climb upwards.
There is a stone staircase leading down here.
A balrug and 2 sun demons come into view.
The balrug is wielding a +1 demon whip of electrocution.
The sun demon shouts!
The sun demon closely misses you. The balrug gestures at you.
The bolt of fire misses you.
There is a fountain of clear blue water here.
The balrug gestures at you.
The fireball explodes!
The fireball engulfs you but does no damage.
The fireball engulfs the sun demon.
The sun demon completely resists.
The fireball engulfs the balrug.
The balrug completely resists.
The sun demon hits you but does no damage.
The sun demon attacks as you move away!
The sun demon hits you but does no damage.
The balrug gestures at you.
The sticky flame hits you but does no damage.
You are covered in liquid flames!
You are covered in liquid flames!
You are covered in liquid flames!
There is an escape hatch in the ceiling here.
The sun demon closely misses you. The sun demon misses you.
The sun demon hits you but does no damage.
A mysterious force pulls you upwards. The hatch slams shut behind you.
You slice the sun demon!!
The sun demon is severely wounded.
You slash the sun demon! Your headbutt misses the sun demon.
The sun demon is almost dead.
The sun demon hits you but does no damage.
You slash the sun demon!
You kill the sun demon!
Trog accepts your kill.
You can now call in reinforcements.
HP restored.
There is a large open door here.
There is a large open door here.
There is an open door here.
There is a staircase leading out of the dungeon here.
You have escaped!

#..#### #.##..## #..#######
#.#.### #.......⌠# #.##..##
######..#..~~~###
#####.####.#
........#.#####.#
#.....##..##
.##.##.##.'...'.######.##.###
.##.##.##.'.♣.'..# #.###..##
.##.##.##.#...##'# #.# ###.#
.......##.#####.@# #.###..##
.##.[...#.♣♣♣ #..# #.##.###
.#####..#..8♣ #### #.###..##
.# ##...♣♣♣ #..####.# .#
##### ##..#..## .# ##....# .#
###### ##


There were no monsters in sight!

Vanquished Creatures
  5 dread liches
  Mara (Depths:3)
  4 orbs of fire
  3 juggernauts
  Josephina (Depths:4)
  the Lernaean hydra (Swamp:4)
  A curse toe (Zot:2)
  Saint Roka (Vaults:3)
  Bai Suzhen (Depths:1)
  7 Killer Klowns
  Xtahua (Depths:3)
  6 golden dragons
  2 bone dragons
  A Tzitzimitl (Abyss:3)
  2 electric golems
  Jorgrun (D:15)
  9 tentacled monstrosities
  3 doom hounds
  21 Orb Guardians
  4 liches
  A Hell Sentinel (D:8)
  Grunn (Zot:2)
  A titan (Depths:1)
  A kraken (Abyss:3)
  2 deep elf blademasters (Elf:3)
  7 quicksilver dragons
  10 death cobs
  2 deep elf master archers (Elf:3)
  A sphinx (Depths:2)
  Gastronok (D:9)
  5 shadow dragons
  2 tengu reavers
  Kirke (Lair:5)
  A thorn hunter (Swamp:1)
  The ghost of Matygoc the Slicer, an adept HaSk of Okawaru (Swamp:1)
  9 storm dragons
  6 draconian knights
  Roxanne (Snake:4)
  4 nagarajas
  12 draconian monks
  Donald (Swamp:4)
  8 frost giants
  3 fenstrider witches
  An iron dragon (Depths:3)
  10 vault wardens
  5 orc warlords
  12 fire giants
  5 draconian scorchers
  9 deep elf sorcerers
  4 draconian stormcallers
  4 ghost moths
  3 spectral caustic shrikes (Depths:4)
  7 draconian shifters
  15 ironbound preservers
  3 spriggan defenders
  A deep elf elementalist (Elf:3)
  A reaper (Zot:1)
  6 draconian annihilators
  7 ironbound thunderhulks
  2 war gargoyles (Vaults:4)
  23 stone giants
  10 very ugly things
  5 green draconians
  A putrid mouth (Zot:2)
  3 vampire knights
  4 eleionomae
  17 black draconians
  7 deep elf annihilators
  6 deep elf demonologists (Elf:3)
  18 dire elephants
  Azrael (D:15)
  3 entropy weavers
  11 red draconians
  A lorocyproca (Zot:1)
  2 bunyips
  A minotaur (Gauntlet)
  16 purple draconians
  16 white draconians
  17 yellow draconians
  A spark wasp (Depths:2)
  7 deep elf death magi
  21 ettins
  A blizzard demon (D:8)
  3 shambling mangroves
  2 crystal guardians (Vaults:4)
  6 fire dragons
  7 yaktaur captains
  3 great orbs of eyes
  6 deep elf high priests
  5 ice dragons
  A salamander tyrant (Snake:4)
  3 rakshasas
  21 hydras
  4 boulder beetles
  11 vault guards
  6 ghost crabs
  3 peacekeepers
  2 death knights
  Harold (D:9)
  A radroach (shapeshifter) (D:14)
  11 anacondas
  Erica (D:9)
  2 catoblepae
  6 centaur warriors
  14 naga warriors
  2 spriggan air magi
  6 two-headed ogres
  9 ironbound frosthearts
  A satyr (shapeshifter) (Elf:3)
  11 alligators
  30 dancing weapons
  10 deep troll shamans
  10 deep troll earth magi
  2 vampire magi
  3 orc high priests (Orc:2)
  8 shock serpents
  10 tengu warriors
  9 naga sharpshooters
  17 hell knights
  6 spriggan berserkers
  15 deep elf knights
  3 skeletal warriors
  A storm dragon skeleton (Vaults:4)
  A sun demon (D:1)
  A soul eater (Vaults:2)
  9 spriggans
  A fire crab (Abyss:3)
  A salamander mystic (Snake:4)
  5 glowing orange brains
  7 iron trolls
  4 goliath frogs
  74 deep trolls
  A shadow demon (Depths:4)
  4 bog bodies
  A death drake (Swamp:4)
  A deep troll (shapeshifter) (Depths:2)
  2 sea snakes (Snake:3)
  8 swamp dragons
  An obsidian statue (Zot:5)
  2 spriggan druids (Swamp:2)
  12 lindwurms
  3 flayed ghosts
  7 naga ritualists
  13 ironbound convokers
  An anaconda skeleton (Volcano)
  7 deep elf archers
  A spriggan simulacrum (Depths:4)
  A sphinx zombie (Vaults:1)
  Pikel (D:7)
  10 orc knights
  A phantasmal warrior (Vaults:3)
  10 wizards
  A harpy (shapeshifter) (Elf:2)
  17 deep elf zephyrmancers
  9 harpies
  20 deep elf pyromancers
  43 ugly things
  6 orc sorcerers
  12 necromancers
  8 mana vipers
  A frost giant zombie (Vaults:1)
  10 salamanders
  4 will-o-the-wisps
  2 worldbinders (Abyss:3)
  A shining eye (Abyss:3)
  A sphinx skeleton (Vaults:1)
  A manticore (D:15)
  4 cyclopes
  7 guardian serpents
  31 moths of wrath
  An apocalypse crab (Abyss:3)
  18 elephants
  2 black mambas (shapeshifter)
  25 black mambas
  Maurice (Orc:1)
  2 torpor snails
  A storm dragon simulacrum (Vaults:4)
  14 cane toads
  An ice statue (D:15)
  A titan simulacrum (Depths:4)
  2 smoke demons
  13 naga magi
  11 vault sentinels
  6 gargoyles
  A rust devil (Depths:4)
  A cane toad (shapeshifter) (Depths:1)
  A minotaur zombie (Gauntlet)
  A yaktaur zombie (Vaults:1)
  A freezing wraith (D:9)
  A kobold demonologist (D:10)
  An efreet (Depths:2)
  3 komodo dragons
  A tormentor (Depths:4)
  An unseen horror (Abyss:3)
  2 tengu conjurers
  10 yaktaurs
  4 rime drakes
  2 human skeletons
  An ancient zyme (Abyss:3)
  2 red devils (Depths:4)
  A silent spectre (Vaults:2)
  3 meliai (D:15)
  14 large abominations
  8 tyrant leeches
  A queen bee (Gauntlet)
  A troll (shapeshifter) (Vaults:1)
  A bloated husk (Swamp:2)
  9 trolls
  A polar bear (Vaults:2)
  2 harpy skeletons (Volcano)
  17 hornets
  21 slime creatures
  A shadow dragon simulacrum (Depths:4)
  22 blink frogs
  An alligator skeleton (Volcano)
  7 flying skulls
  6 air elementals
  Sigmund (D:3)
  3 hogs (Lair:5)
  A culicivora (shapeshifter) (D:13)
  A wyvern (Lair:2)
  A shadow (D:11)
  7 water elementals
  52 yaks
  Eustachio (D:5)
  8 chaos spawn
  A human (D:13)
  9 fire elementals
  13 vampire mosquitoes
  3 basilisks
  2 steam dragons
  3 redbacks
  A neqoxec (Zot:4)
  An elf skeleton (Vaults:4)
  A warg (Orc:2)
  32 nagas
  10 swamp worms
  Edmund (D:6)
  4 small abominations (Depths:1)
  15 water moccasins
  2 acid dragons
  3 hell hounds (Gauntlet)
  2 ice beasts
  29 orc warriors
  8 swamp drakes (Swamp:4)
  16 wolves
  8 ogres
  A boggart (Vaults:2)
  12 centaurs
  A lemure (D:7)
  3 kobold brigands
  2 phantoms
  4 elf zombies (Elf:1)
  A human zombie (Vaults:1)
  12 bullfrogs
  A necrophage (D:6)
  2 gnoll sergeants
  A glowing shapeshifter simulacrum (Depths:4)
  4 earth elementals
  2 scorpions (D:5)
  7 wights
  21 killer bees
  2 spriggan skeletons (Volcano)
  A troll skeleton (Volcano)
  3 electric eels
  A quasit (Abyss:3)
  6 starcursed masses (Abyss:3)
  3 jellies
  3 hounds (D:5)
  16 orc priests
  Ijyb (D:3)
  Natasha (thrice) (D:4)
  3 iguanas
  19 orc wizards
  4 naga skeletons (Volcano)
  Robin (D:3)
  7 adders
  10 gnolls
  A white imp (D:8)
  3 ufetubi
  4 worms
  A dart slug (D:1)
  96 orcs
  6 bats
  5 endoplasms
  A giant cockroach (D:3)
  11 hobgoblins
  2 jackals (D:1)
  35 kobolds
  4 quokkas
  5 ball pythons
  2 frilled lizards
  19 goblins
  4 rats
  A spectral kobold (D:13)
  8 briar patches (Swamp:1)
  2 tentacles (Abyss:3)
1936 creatures vanquished.

Vanquished Creatures (collateral kills)
  A curse toe (Zot:5)
  A golden dragon (Zot:5)
  An electric golem (Zot:5)
  A bone dragon (Abyss:3)
  An Orb Guardian (D:3)
  A tentacled monstrosity (Abyss:3)
  A titan (Depths:1)
  A tentacled starspawn (Abyss:3)
  A nagaraja (Snake:4)
  A deep elf sorcerer (Elf:3)
  A deep elf elementalist (Elf:3)
  A deep elf demonologist (Elf:3)
  A stone giant (Depths:1)
  A deep elf annihilator (Elf:3)
  2 ettins (Depths:1)
  A fire dragon (Depths:2)
  A shambling mangrove (Abyss:3)
  2 deep elf death magi (Elf:3)
  2 ice dragons
  A boulder beetle (D:11)
  A salamander tyrant (Snake:4)
  A hydra (Lair:1)
  2 rakshasas (Depths:2)
  A naga warrior (Snake:4)
  A dancing weapon (Elf:3)
  A hell knight (Depths:1)
  2 salamander mystics (Snake:4)
  2 glowing orange brains (Depths:2)
  An orc knight (Orc:2)
  3 necromancers (Depths:1)
  A deep elf pyromancer (Elf:3)
  An ugly thing (Depths:2)
  A moth of wrath (Zot:5)
  A black mamba (Snake:4)
  An apocalypse crab (Abyss:3)
  2 guardian serpents (Snake:4)
  A demonic crawler (Abyss:3)
  An efreet (Gauntlet)
  2 hornets (Abyss:3)
  A vampire mosquito (Lair:5)
  A naga (Snake:4)
  A bullfrog (Lair:5)
  An orc priest (Orc:2)
  A tentacle (Abyss:3)
54 creatures vanquished.

Vanquished Creatures (others)
  A lich (Vaults:2)
  A draconian knight (Zot:1)
  2 deep elf demonologists (Vaults:2)
  A fire dragon (Depths:1)
  A hydra (Swamp:4)
  2 deep troll earth magi (Vaults:2)
  A spriggan druid (Swamp:4)
  2 bloated husks (Swamp:1)
  A spriggan (Swamp:4)
  A small abomination (Abyss:3)
  2 bushes
  14 foxfires
  25 fungi
  A lurking horror (Abyss:3)
  109 plants
  4 starspawn tentacles (Abyss:3)
  2 tentacles (Abyss:3)
  6 toadstools (D:8)
  5 withered plants
181 creatures vanquished.

Grand Total: 2171 creatures vanquished

Notes
Turn   | Place    | Note
-------+----------+-------------------------------------------
     0 | D:1      | raph the Minotaur Berserker began the quest for the Orb.
     0 | D:1      | Reached XP level 1. HP: 19/19 MP: 0/0
   198 | D:1      | Reached XP level 2. HP: 25/26 MP: 1/1
   478 | D:1      | Reached ** piety under Trog
   623 | D:1      | Reached skill level 5 in Axes
   937 | D:2      | You fall into a shaft and drop 2 floors!
   955 | D:3      | Reached XP level 3. HP: 31/31 MP: 2/2
   955 | D:3      | Noticed Ijyb
   961 | D:3      | Killed Ijyb
  1242 | D:3      | Reached XP level 4. HP: 32/39 MP: 3/3
  1889 | D:2      | Identified the +0 ring mail "Bonavute" {Dex+7}
  2007 | D:2      | Found a faded altar of an unknown god.
  2406 | D:3      | Noticed Sigmund
  2416 | D:3      | Killed Sigmund
  2417 | D:3      | Reached XP level 5. HP: 45/45 MP: 4/4
  2534 | D:3      | Noticed Robin
  2542 | D:3      | Reached XP level 6. HP: 51/51 MP: 5/5
  2548 | D:3      | Killed Robin
  3427 | D:4      | Noticed Natasha
  3434 | D:4      | Reached XP level 7. HP: 52/57 MP: 6/6
  3434 | D:4      | Killed Natasha
  3571 | D:4      | Noticed Natasha
  3577 | D:4      | Killed Natasha
  3578 | D:4      | Reached skill level 10 in Axes
  3610 | D:4      | Noticed Natasha
  3621 | D:4      | Killed Natasha
  3769 | D:5      | Entered Level 5 of the Dungeon
  3958 | D:5      | Reached *** piety under Trog
  3991 | D:5      | Reached XP level 8. HP: 55/64 MP: 7/7
  4052 | D:5      | Noticed Eustachio
  4081 | D:5      | Killed Eustachio
  4173 | D:5      | Found a sacrificial altar of Ru.
  4383 | D:5      | Found a staircase to the Ecumenical Temple.
  4427 | Temple   | Entered the Ecumenical Temple
  5049 | D:6      | Identified the +8 glaive of Mausch {venom, rF+}
  5474 | D:6      | Noticed Edmund
  5482 | D:6      | Killed Edmund
  5483 | D:6      | Reached XP level 9. HP: 70/70 MP: 8/8
  5769 | D:7      | Noticed Pikel
  5778 | D:7      | Killed Pikel
  5779 | D:7      | Reached skill level 15 in Axes
  5870 | D:7      | Found an opulent altar of Gozag.
  5871 | D:7      | Found a blossoming altar of Fedhas.
  5871 | D:7      | Found a bloodstained altar of Trog.
  5871 | D:7      | Found a burning altar of Makhleb.
  5876 | D:7      | Found a shadowy altar of Dithmenos.
  6877 | D:8      | Identified a scroll of acquirement
  6877 | D:8      | Acquired a +0 executioner's axe of electrocution
  6940 | D:8      | Reached **** piety under Trog
  7644 | D:9      | Noticed Harold
  7651 | D:9      | Killed Harold
  7652 | D:9      | Reached XP level 10. HP: 75/77 MP: 9/9
  7934 | D:9      | Noticed a boulder beetle
  7934 | D:9      | Noticed Gastronok
  7934 | D:9      | Noticed a centaur warrior
  7934 | D:9      | Noticed a six-headed hydra
  7934 | D:9      | Noticed a skeletal warrior
  7934 | D:9      | Noticed a cyan ugly thing
  8070 | D:9      | Noticed a cyclops
  8071 | D:9      | Noticed a wizard
  8080 | D:9      | Noticed a centaur warrior
  8081 | D:9      | Noticed a death knight
  8252 | D:9      | Noticed Erica
  8263 | D:9      | Killed Erica
  8351 | D:9      | Reached skill level 5 in Fighting
  8549 | D:9      | Found a basalt altar of Yredelemnul.
  8676 | D:9      | Found a staircase to the Lair.
  9103 | D:10     | Entered Level 10 of the Dungeon
  9140 | D:10     | Noticed a sixfirhy
  9219 | D:10     | Found a hide-covered altar of Uskayaw.
  9553 | D:10     | Found a flagged portal.
  9560 | Bailey   | Entered a bailey
  9565 | Bailey   | Noticed an orc warlord
  9783 | Bailey   | Found a runed translucent gate.
  9783 | Bailey   | Found a runed translucent gate.
  9783 | Bailey   | Found a runed translucent gate.
  9851 | Bailey   | Acquired a manual of Evocations
  9853 | Bailey   | Acquired 486 gold pieces
  9953 | Bailey   | Killed an orc warlord
  9954 | Bailey   | Reached skill level 1 in Throwing
  9954 | Bailey   | Reached skill level 5 in Armour
  9954 | Bailey   | Reached XP level 11. HP: 52/89 MP: 10/10
 10120 | Bailey   | Identified the +1 scale mail of Ischij {rElec Str+3}
 10121 | Bailey   | Acquired the +0 hat of Honour {Stlth+}
 10267 | D:10     | Identified the +1 robe of Jaudgh {Harm Rampage Slay+2
                  | Stlth+}
 10592 | D:11     | Reached skill level 5 in Dodging
 10887 | Lair:1   | Entered Level 1 of the Lair of Beasts
 11475 | Lair:1   | Noticed a deep troll
 11479 | Lair:1   | Killed a deep troll
 12133 | Lair:1   | Noticed a six-headed hydra
 12140 | Lair:1   | Killed a six-headed hydra
 12485 | Lair:2   | Found a staircase to the Swamp.
 12504 | Lair:2   | Reached XP level 12. HP: 101/101 MP: 11/11
 14184 | Lair:3   | Found a staircase to the Snake Pit.
 14204 | Lair:3   | Reached skill level 5 in Throwing
 14240 | Lair:3   | Reached ***** piety under Trog
 14420 | Lair:3   | You fall into a shaft and drop 1 floor!
 14486 | Lair:4   | Found a gate leading to a gauntlet.
 14505 | Gauntlet | Entered a Gauntlet
 14505 | Gauntlet | Found a transporter.
 14505 | Gauntlet | Found a transporter.
 14505 | Gauntlet | Found a transporter.
 14506 | Gauntlet | Found a transporter.
 14508 | Gauntlet | Found a transporter.
 14508 | Gauntlet | Found a large runed translucent door.
 14516 | Gauntlet | Found a transporter.
 14535 | Gauntlet | Reached skill level 10 in Fighting
 14538 | Gauntlet | Identified the +1 ring mail of Syndicalism {rN++ Str+4
                  | Dex+2}
 14610 | Gauntlet | Found a transporter.
 14610 | Gauntlet | Found a large runed translucent door.
 14610 | Gauntlet | Found a transporter.
 14610 | Gauntlet | Found a large runed translucent door.
 14611 | Gauntlet | Found a large runed translucent door.
 14611 | Gauntlet | Found a large runed translucent door.
 14612 | Gauntlet | Found a large runed translucent door.
 14612 | Gauntlet | Found a large runed translucent door.
 14612 | Gauntlet | Found a large runed translucent door.
 14766 | Gauntlet | Found a transporter.
 14770 | Gauntlet | Identified the ring of Xom's Malicious Joy {rPois rN+++
                  | Will+ Dex-5 SInv}
 14846 | Gauntlet | Found a transporter.
 14854 | Gauntlet | Noticed a minotaur
 14861 | Gauntlet | Killed a minotaur
 15021 | Lair:4   | Found a dark tunnel.
 15027 | Volcano  | Entered a volcano
 15401 | Volcano  | Reached XP level 13. HP: 114/114 MP: 12/12
 16294 | Lair:4   | Found a viscous altar of Jiyva.
 16294 | Lair:4   | Found a staircase to the Slime Pits.
 16447 | Lair:3   | Acquired a manual of Dodging
 18047 | Lair:5   | Entered Level 5 of the Lair of Beasts
 18957 | Lair:5   | Noticed Kirke
 18965 | Lair:5   | Killed Kirke
 19208 | Lair:5   | Reached XP level 14. HP: 101/127 MP: 13/13
 19347 | Lair:5   | Reached skill level 10 in Armour
 19347 | Lair:5   | Reached skill level 10 in Dodging
 19852 | Lair:5   | Identified the +6 dagger "Toxzilor" {flame, Dex+7}
 21523 | D:11     | Reached skill level 1 in Evocations
 21620 | D:11     | Found a staircase to the Orcish Mines.
 21632 | Orc:1    | Entered Level 1 of the Orcish Mines
 21716 | Orc:1    | Noticed Maurice
 21733 | Orc:1    | Killed Maurice
 22009 | Orc:2    | Entered Level 2 of the Orcish Mines
 22102 | Orc:2    | Found a staircase to the Elven Halls.
 22242 | Orc:2    | Received a gift from Trog
 23095 | Orc:2    | HP: 6/129 [orc knight/+2 halberd (27)]
 23488 | Orc:2    | Found Ehaavve's Magic Scroll Shop.
 23488 | Orc:2    | Found Foinuum's Antique Armour Emporium.
 23493 | Orc:2    | Found Ciduejih's Armour Emporium.
 23493 | Orc:2    | Found Yceth's Antique Weapon Shop.
 23636 | Orc:2    | Bought a scroll of enchant weapon for 97 gold pieces
 23636 | Orc:2    | Bought a scroll of enchant armour for 97 gold pieces
 23636 | Orc:2    | Bought a scroll of teleportation for 39 gold pieces
 23642 | Orc:2    | Bought a pair of embroidered gloves for 180 gold pieces
 23642 | Orc:2    | Bought a runed cloak for 180 gold pieces
 23897 | Orc:2    | Bought the +10 plate armour of Mifrurau {rElec Will+ Str-3
                  | Int+4} for 1041 gold pieces
 23897 | Orc:2    | Bought a +1 pair of boots of flying for 181 gold pieces
 24591 | D:12     | Identified the +0 leather armour of the Mashing Gods
                  | {*Corrode rF+++ Int+2 Dex+4}
 24930 | D:13     | Received a gift from Trog
 25679 | D:13     | Found a gate to the Vaults.
 25691 | D:13     | Reached XP level 15. HP: 101/138 MP: 14/14
 26328 | D:13     | Found a hazy altar of Hepliaklqana.
 26522 | D:14     | Found a corrupted altar of Lugonu.
 26826 | D:14     | Reached skill level 5 in Evocations
 27113 | D:15     | Entered Level 15 of the Dungeon
 27123 | D:15     | Noticed Jorgrun
 27145 | D:15     | Killed Jorgrun
 28758 | D:15     | Found a staircase to the Depths.
 28765 | D:15     | Reached skill level 15 in Fighting
 28899 | D:15     | Noticed Azrael
 28912 | D:15     | Killed Azrael
 29448 | Swamp:1  | Entered Level 1 of the Swamp
 30612 | Swamp:1  | Found a runed translucent door.
 30612 | Swamp:1  | Noticed Matygoc's ghost (adept HaSk)
 30933 | Swamp:1  | Noticed a thorn hunter
 30942 | Swamp:1  | Killed a thorn hunter
 32176 | Swamp:2  | Noticed a tentacled monstrosity
 32186 | Swamp:2  | Killed a tentacled monstrosity
 32301 | Swamp:2  | Reached XP level 16. HP: 144/150 MP: 15/15
 34379 | Swamp:3  | Noticed a tentacled monstrosity
 34385 | Swamp:3  | Killed a tentacled monstrosity
 34427 | Swamp:4  | Entered Level 4 of the Swamp
 34570 | Swamp:4  | Noticed Donald
 34580 | Swamp:4  | Killed Donald
 35509 | Swamp:4  | Noticed the 27-headed Lernaean hydra
 35520 | Swamp:4  | Reached skill level 10 in Throwing
 35522 | Swamp:4  | Killed the 22-headed Lernaean hydra
 36319 | Swamp:4  | Got a decaying rune of Zot
 36553 | Snake:1  | Entered Level 1 of the Snake Pit
 38018 | Snake:2  | Reached XP level 17. HP: 128/161 MP: 16/16
 39515 | Snake:3  | Reached skill level 15 in Dodging
 40305 | Snake:4  | Entered Level 4 of the Snake Pit
 40716 | Snake:4  | Noticed Roxanne
 40727 | Snake:4  | Reached skill level 10 in Evocations
 41208 | Snake:4  | Found Utytuc's Jewellery Shoppe.
 41872 | Snake:4  | Received a gift from Trog
 42059 | Snake:4  | Killed Roxanne
 42856 | Snake:4  | Got a serpentine rune of Zot
 43305 | Snake:4  | Reached XP level 18. HP: 169/173 MP: 17/17
 43778 | Vaults:1 | Entered Level 1 of the Vaults
 43785 | Vaults:1 | Received a gift from Trog
 44062 | Vaults:1 | Found Osmiebag's General Store.
 44070 | Vaults:1 | Bought a scroll of blinking for 135 gold pieces
 44070 | Vaults:1 | Bought a potion of heal wounds for 90 gold pieces
 45405 | Vaults:1 | Found Vuwees's Antique Weapon Emporium.
 45805 | Vaults:1 | Received a gift from Trog
 46612 | Vaults:2 | Noticed a lich
 46621 | Vaults:2 | Killed a lich
 46623 | Vaults:2 | Reached skill level 15 in Armour
 46822 | Vaults:2 | Found a transporter.
 46829 | Vaults:2 | Found a transporter.
 47712 | Vaults:2 | Reached XP level 19. HP: 44/187 MP: 18/18
 48490 | Vaults:2 | Reached ****** piety under Trog
 49025 | Vaults:3 | Found a staircase to the Crypt.
 49259 | Vaults:3 | Noticed Saint Roka
 49260 | Vaults:3 | Received a gift from Trog
 49275 | Vaults:3 | Killed Saint Roka
 51350 | Vaults:3 | Found Xija's General Store.
 51851 | Vaults:4 | Received a gift from Trog
 52304 | Vaults:4 | Reached XP level 20. HP: 184/200 MP: 19/19
 52454 | Vaults:4 | Found Kiesmas's Antique Armour Shoppe.
 53272 | Vaults:4 | Identified the +10 great sword of Domination {vorpal,
                  | *Corrode Will+ Dex+2} (Trog gifted it to you on level 4 of
                  | the Vaults)
 53272 | Vaults:4 | Received a gift from Trog
 53868 | D:9      | Killed Gastronok
 53981 | D:9      | Identified the +4 pair of boots "Xetaw" {rElec Str+8}
 54223 | Depths:1 | Entered Level 1 of the Depths
 54312 | Depths:1 | Noticed Bai Suzhen
 54325 | Depths:1 | Killed Bai Suzhen
 54359 | Depths:1 | Identified the +1 leather armour of Gozag, Gnashing {Regen+
                  | Int-4 Stlth+}
 54383 | Depths:1 | Received a gift from Trog
 54405 | Depths:1 | Noticed a golden dragon
 54408 | D:15     | HP: 5/187 [poisoned by a golden dragon (poison gas)]
 54838 | Depths:1 | Killed a golden dragon
 56085 | Depths:1 | Found a one-way gate to the infinite horrors of the Abyss.
 56207 | Depths:1 | Found a shadowy altar of Dithmenos.
 56434 | Depths:1 | Found a faded altar of an unknown god.
 56518 | Depths:1 | Found a gateway to Hell.
 56979 | Depths:2 | Found a flickering gateway to a bazaar.
 56992 | Bazaar   | Entered a bazaar
 56992 | Bazaar   | Found Irat's Book Shoppe.
 56992 | Bazaar   | Found Mudieshry's Armour Shoppe.
 56993 | Bazaar   | Found Ycobih's Antique Weapon Emporium.
 56993 | Bazaar   | Found Qyfre's Assorted Antiques.
 57000 | Bazaar   | Bought a manual of Fighting for 880 gold pieces
 57069 | Depths:2 | Found Maoseux's Weapon Emporium.
 57224 | Depths:2 | Noticed a juggernaut
 57225 | Depths:2 | Paralysed by a sphinx for 2 turns
 57568 | Depths:1 | Identified the +5 quarterstaff of Stained Defence {drain,
                  | Will+}
 57588 | Depths:2 | Reached XP level 21. HP: 188/214 MP: 20/20
 57596 | Depths:2 | Killed a juggernaut
 57768 | Depths:1 | Received a gift from Trog
 58027 | Depths:2 | Noticed a golden dragon
 58031 | Depths:2 | Killed a golden dragon
 58523 | Depths:2 | Reached skill level 15 in Throwing
 58670 | Depths:2 | Found a one-way gate leading to the halls of Pandemonium.
 59061 | Depths:3 | Noticed a juggernaut
 59074 | Depths:3 | Killed a juggernaut
 59404 | Depths:3 | Noticed Mara
 59405 | Depths:3 | Noticed raph's illusion
 59424 | Depths:3 | Noticed raph's illusion
 59432 | Depths:3 | Killed Mara
 59800 | Depths:3 | Noticed Xtahua
 59806 | Depths:3 | Killed Xtahua
 60092 | Depths:3 | Found a corrupted altar of Lugonu.
 60468 | Depths:3 | Received a gift from Trog
 61243 | Depths:4 | Entered Level 4 of the Depths
 61339 | Depths:4 | Identified the ring "Zisymist" {Ice rElec Will+++ Int-4
                  | Slay-6}
 61339 | Depths:4 | Noticed Josephina
 61376 | Depths:4 | Killed Josephina
 61835 | Depths:4 | Reached XP level 22. HP: 220/232 MP: 21/21
 61849 | Depths:4 | Reached skill level 27 in Fighting
 61869 | Depths:4 | Found a bloodstained altar of Trog.
 62220 | Depths:4 | Found a gate to the Realm of Zot.
 62220 | Depths:4 | Noticed a golden dragon
 62224 | Depths:4 | Killed a golden dragon
 62316 | Depths:4 | Received a gift from Trog
 62608 | Depths:4 | Found a one-way gateway to a ziggurat.
 63104 | Depths:4 | Noticed a juggernaut
 63113 | Depths:4 | Killed a juggernaut
 63654 | Elf:1    | Entered Level 1 of the Elven Halls
 63703 | Elf:1    | Found a radiant altar of Vehumet.
 64516 | Elf:1    | Paralysed by an air elemental for 1 turns
 64602 | Elf:2    | Received a gift from Trog
 64803 | Elf:2    | Found Luhoq's General Store.
 64808 | Elf:2    | Found Zooxeck's Weapon Emporium.
 64808 | Elf:2    | Found Yphavi's Jewellery Shoppe.
 64811 | Elf:2    | Found Xevvae's Distillery.
 64822 | Elf:2    | Bought 2 potions of haste for 240 gold pieces
 64822 | Elf:2    | Bought a potion of might for 48 gold pieces
 64822 | Elf:2    | Bought a potion of might for 48 gold pieces
 64924 | Elf:2    | Found a huge runed translucent gate.
 64924 | Elf:2    | Found a huge runed translucent gate.
 64924 | Elf:2    | Found a huge runed translucent gate.
 64928 | Elf:2    | Found a huge runed translucent gate.
 64932 | Elf:2    | Found a huge runed translucent gate.
 65518 | Elf:2    | Received a gift from Trog
 65696 | Elf:3    | Entered Level 3 of the Elven Halls
 65773 | Elf:3    | Identified the amulet "Lep Nucwots" {Spirit rC+++ Will+
                  | Dex-2 Slay+2}
 65785 | Elf:3    | Reached XP level 23. HP: 126/240 MP: 22/22
 65995 | Elf:3    | Received a gift from Trog
 66019 | Elf:3    | Identified the +6 mace "Ymest" {pain, rElec rCorr}
 66019 | Elf:3    | Identified the +2 leather armour "Bunkasuh" {Int-5 Dex+3}
 66153 | Elf:3    | Found Yfareil's Weapon Shop.
 66244 | Elf:3    | Identified the +6 great mace of Exhibitionism {holy, rF+
                  | Will+ Dex-3 Stlth+}
 66244 | Elf:3    | Identified the amulet of Abstinence {Spirit *Slow rElec
                  | rCorr MP+9}
 66683 | Elf:3    | Identified the +1 scale mail of the Vacuum {rPois Dex+4}
 66718 | Elf:3    | Identified the +10 hand crossbow of Ocvaol {vorpal, rElec
                  | Will++ Str-4 Dex-3}
 66732 | Elf:3    | Identified the +7 trident of the Brewing Gods {spect, rPois
                  | Will+ Int-5}
 66745 | Elf:3    | Identified the +3 falchion of Ash {spect, rC+ rCorr SInv}
 66788 | Elf:3    | Identified the +3 hand axe "Inos" {flame, *Noise +Blink
                  | MP+9 Str+3}
 66859 | Elf:3    | Identified the +4 halberd of Exchange {vorpal, rCorr Dex+2}
 67711 | Swamp:1  | Killed Matygoc's ghost
 68061 | Vaults:2 | Found a runed translucent door.
 68061 | Vaults:2 | Found a bloodstained altar of Trog.
 68061 | Vaults:2 | Found the necklace of Bloodlust {*Rage Will++ Int-3 Slay+6}
 68083 | Vaults:2 | Identified the +5 broad axe "Korghuj" {pain, Fly rF+ Str-4
                  | Dex+3}
 68118 | Vaults:2 | Identified the +1 chain mail of Walear {Harm Int+3}
 68130 | Abyss:3  | Cast into level 3 of the Abyss (a deep elf sorcerer)
 68288 | Abyss:3  | Got an abyssal rune of Zot
 68317 | Abyss:3  | Received a gift from Trog
 68405 | Abyss:3  | Gained mutation: You are frail. (-10% HP) [a shining eye]
 68407 | Abyss:3  | Gained mutation: You are weak. (Str -2) [a shining eye]
 68444 | Vaults:2 | Escaped the Abyss
 68836 | Vaults:2 | Lost mutation: You are frail. (-10% HP) [potion of
                  | mutation]
 68836 | Vaults:2 | Lost mutation: You are weak. (Str -2) [potion of mutation]
 68836 | Vaults:2 | Gained mutation: You are partially covered in iridescent
                  | scales. (AC +2) [potion of mutation]
 69242 | Zot:1    | Entered Level 1 of the Realm of Zot
 69479 | Zot:1    | Noticed an orb of fire
 69494 | Zot:1    | Killed an orb of fire
 70134 | Zot:1    | Identified the +4 battleaxe of Sojamnont {chaos, rF- rC+
                  | rN+ Will+}
 70380 | Zot:1    | Received a gift from Trog
 70588 | Zot:1    | Reached XP level 24. HP: 222/249 MP: 22/22
 71161 | Zot:2    | Noticed Grunn
 71812 | Zot:2    | Reached skill level 27 in Axes
 71820 | Zot:2    | Killed Grunn
 73083 | Zot:3    | Found a transporter.
 73146 | Zot:3    | Found a transporter.
 73372 | Zot:3    | Found a runed translucent gate.
 73372 | Zot:3    | Found a runed translucent gate.
 73372 | Zot:3    | Found a runed translucent gate.
 73374 | Zot:3    | Noticed Feyrolex's ghost (veteran VSFi)
 73374 | Zot:3    | Noticed Jofris Vesimp's ghost (legendary GnFE)
 73374 | Zot:3    | Noticed Hicanoach's ghost (master DsGl)
 73708 | Zot:4    | Received a gift from Trog
 74266 | Zot:4    | Noticed a Killer Klown
 74276 | Zot:4    | Noticed a Killer Klown
 74295 | Zot:4    | Killed a Killer Klown
 74326 | Zot:4    | Killed a Killer Klown
 74827 | Zot:5    | Entered Level 5 of the Realm of Zot
 75635 | Zot:5    | Reached XP level 25. HP: 233/257 MP: 22/22
 75838 | Zot:5    | Noticed a dread lich
 75848 | Zot:5    | Paralysed by a dread lich for 5 turns
 75860 | Zot:5    | Noticed an orb of fire
 75863 | Zot:5    | Killed a dread lich
 75866 | Zot:5    | Noticed an orb of fire
 75868 | Zot:5    | Noticed an orb of fire
 75874 | Zot:5    | Gained mutation: You occasionally lose the ability to read
                  | scrolls when taking damage. [an orb of fire]
 76083 | Zot:5    | Killed an orb of fire
 76083 | Zot:5    | Identified the +2 battleaxe "Xodweg" {vorpal, Stlth+} (Trog
                  | gifted it to you on level 5 of the Realm of Zot)
 76083 | Zot:5    | Received a gift from Trog
 76286 | Zot:5    | Gained mutation: You occasionally lose the ability to drink
                  | potions when taking damage. [an orb of fire]
 76290 | Zot:5    | Gained mutation: You are robust. (+10% HP) [an orb of fire]
 76296 | Zot:5    | Killed an orb of fire
 76458 | Zot:5    | Gained mutation: Your spells are a little easier to cast,
                  | but a little less powerful. [an orb of fire]
 76464 | Zot:5    | Killed an orb of fire
 76582 | Zot:5    | Noticed a dread lich
 76582 | Zot:5    | Noticed a Killer Klown
 76589 | Zot:5    | Paralysed by a dread lich for 5 turns
 76596 | Zot:5    | Noticed a Killer Klown
 76596 | Zot:5    | Noticed a dread lich
 76600 | Zot:5    | Killed a dread lich
 76604 | Zot:5    | Killed a Killer Klown
 76611 | Zot:5    | Noticed a Killer Klown
 76614 | Zot:5    | Killed a Killer Klown
 76620 | Zot:5    | Killed a dread lich
 76638 | Zot:5    | Killed a Killer Klown
 77164 | Zot:5    | Noticed a dread lich
 77182 | Zot:5    | Noticed a dread lich
 77184 | Zot:5    | Paralysed by a dread lich for 4 turns
 77186 | Zot:5    | Noticed a Killer Klown
 77188 | Zot:5    | Noticed a Killer Klown
 77196 | Zot:4    | Killed a dread lich
 77307 | Zot:5    | Lost intelligence.
 77311 | Zot:4    | Paralysed by a dread lich for 5 turns
 77321 | Zot:4    | Killed a dread lich
 78016 | Zot:5    | Killed a Killer Klown
 78090 | Zot:5    | Killed a Killer Klown
 78272 | Zot:5    | Got the Orb of Zot
 78343 | Zot:3    | Noticed Qagat the pandemonium lord
 78753 | D:9      | Noticed Zeinis the pandemonium lord
 78961 | D:$      | Escaped with the Orb!

Illustrated notes

Levels and vault maps discovered:
D:1:      sevenhm_arrival_forest_fort_small_3, layout_loops_ring,
          hangedman_feature_mirror, grunt_decor_resistance
D:2:      layout_loops_ring, hellmonk_ecumenical_altar_slurped_away,
          minmay_misc_feat_x, hangedman_abyss_or_decor_lesser_grid,
          nicolae_elevator_lobby_plus
D:3:      layout_loops_corners, uniq_robin, uniq_sigmund, uniq_ijyb
D:4:      layout_cave_pools, feat_on_display, uniq_natasha
D:5:      layout_rooms, mainiacjoe_overflow_alcove_1,
          minmay_temple_entry_offerings, serial_bayou, serial_bayou_shore_b,
          serial_bayou_pond_e, serial_bayou_pond_b, serial_bayou_lagoon_a,
          uniq_eustachio
D:6:      layout_rooms, uniq_edmund
D:7:      layout_cave_pools, minitemple, uniq_pikel
D:8:      layout_basic, minmay_gold_behind_fungi
D:9:      layout_loops_corners, mainiacjoe_overflow_paths, dpeg_oklobed_lair,
          minivault_12, uniq_gastronok, uniq_erica, uniq_harold
D:10:     layout_rooms, mainiacjoe_overflow_concentric_impassable,
          enter_bailey_3
D:11:     layout_basic, david_orc_4, kennysheep_small_spiral
D:12:     layout_long_grid
D:13:     layout_long_grid, grunt_vaults_entry_fortified,
          nicolae_hepliaklqana_monster_ancestors
D:14:     layout_loops_ring, hangedman_decor_lopped, tgw_lugonu_bribe
D:15:     grunt_enter_depths_snipers, layout_stronghold, dk_noncrumbling_3,
          hangedman_decor_opposing, minmay_statue_bubble, uniq_jorgrun,
          uniq_azrael
Temple:   eino_narrow_crystal_temple
Lair:1:   dreamdust_cave_troll, layout_regular_city
Lair:2:   layout_regular_city, swamp_mist
Lair:3:   layout_chaotic_city, guppyfry_snake_entry_island, lemuel_fruit_tree
Lair:4:   layout_gridlike, dpeg_slime_entry_enclosed, gauntlet_entry_generic,
          enter_volcano_4, nicolae_lair_lil_pond, minmay_holes,
          beast_lair_carwin_2
Lair:5:   minmay_lair_end_frog_pond, layout_cave_pods,
          infiniplex_staircase_pool_2, uniq_kirke
Swamp:1:  layout_basic_swamp, gammafunk_ghost_grave, hangedman_swamp_pad
Swamp:2:  layout_basic_swamp, evilmike_swamp_ruin_house_6
Swamp:3:  layout_basic_swamp, infiniplex_staircase_pool, swamp_pool2
Swamp:4:  swamp_old_school, layout_basic_swamp, uniq_donald
Snake:1:  layout_onion_interference
Snake:2:  layout_layer_cave, grunt_megastairs_4
Snake:3:  layout_cave_shapes, serial_bayou_shore_a
Snake:4:  johnstein_snake_rune_scales, layout_cave_town, serial_shops,
          nicolae_diamond_shop, drop_trap, nicolae_snake_gridmaze_swirls,
          uniq_roxanne
Orc:1:    layout_caves, basic_altar, serial_shops, uniq_maurice
Orc:2:    grunt_orc_tribal_feast, layout_diamond_mine
Elf:1:    elf_arrival_002, layout_loops_corners, basic_altar,
          minmay_elf_necromancy
Elf:2:    elven_hall_of_blades_hangedman_alternative
          [nicolae_blade_little_rooms], layout_geoelf_octagon, minmay_shoptagon
Elf:3:    grunt_elf_hall_spiral, layout_onion_city, serial_shops,
          nicolae_shop_competitors_out_of_business
Vaults:1: hangedman_vaults_unwind, st_more_cells, v_misc_10,
          nicolae_vaults_alarming, v_misc_26, grunt_vaults_hallway_short,
          layout_vaults_quadrants, serial_shops, nicolae_square_shop, shop
Vaults:2: emtedronai_trogs_sanctum, vaults_room_hallway, serial_ice_h,
          ontoclasm_vaults_ring_small, hangedman_vaults_trim,
          vaults_room_fancy_cross, hangedman_vaults_snaps,
          nicolae_vaults_border_crossing, nicolae_vaults_ninety_degrees,
          nicolae_vaults_sealed_display, v_misc_25, layout_vaults_omnibox
Vaults:3: vaults_room_ringed_pool, nicolae_vaults_twisting_passages,
          nicolae_vaults_angled_halls, v_misc_1, ontoclasm_vaults_ring_large,
          v_rooms_2, ontoclasm_vaults_spin, v_misc_13,
          nicolae_vaults_three_branches, v_misc_2, v_misc_23,
          ontoclasm_vaults_misaligned, vaults_room_hallway,
          nicolae_vaults_specimen_jars, layout_vaults_ring, serial_shops, shop,
          uniq_saint_roka
Vaults:4: ontoclasm_vaults_ring_small, v_misc_1, v_rooms_5, vaults_dpeg_spiral,
          st_smaller_cells, v_misc_2, vaults_mumra_lcd, ontoclasm_vaults_pinch,
          grunt_vaults_hallway_long, nicolae_vaults_theta,
          layout_vaults_big_room, serial_shops,
          nicolae_shop_competitors_out_of_business
Depths:1: minmay_expanding_squares, layout_cave_pools,
          serial_sigils_hangedman_quiver, serial_column_ruins,
          column_ruins_portal_astroid, column_ruins_temple_circle,
          column_ruins_square_large, column_ruins_grid_1,
          column_ruins_open_small, column_ruins_grid_1, pf_hell_entry_great_geh,
          minmay_room_of_horrors, serial_sigils_hangedman_confine, st_stairs_4,
          minmay_misc_feat_rugged, nicolae_dithmenos_the_darkroom,
          firewood_loft, uniq_bai_suzhen
Depths:2: minmay_the_grid_square_5x5_4x4 [minmay_the_grid_square_5x5_spiral,
          minmay_the_grid_square_5x5_dogpile,
          minmay_the_grid_square_5x5_minibox, minmay_the_grid_square_5x5_fat_x,
          minmay_the_grid_square_5x5_doubleslash,
          minmay_the_grid_square_5x5_prize_junk,
          minmay_the_grid_square_5x5_prize_pseudospiral,
          minmay_the_grid_square_5x5_empty, minmay_the_grid_square_5x5_bridge,
          minmay_the_grid_square_5x5_prize_monsterx,
          minmay_the_grid_square_5x5_prize_snowflake,
          minmay_the_grid_square_5x5_spiral_small,
          minmay_the_grid_square_5x5_beaten_path,
          minmay_the_grid_square_5x5_tie, minmay_the_grid_square_5x5_shrine1,
          minmay_the_grid_square_5x5_two_walls_b], layout_basic, hell_entry,
          roderic_roman_lattice, serial_shops, bzr_entry_road,
          nicolae_shop_bloodbath_and_beyond, rand_demon_pan_entry_7
Depths:3: kennysheep_windowed_halls, layout_basic, abyss_entry_flame_altar,
          minmay_staircase_statues, hell_entry, uniq_xtahua, uniq_mara
Depths:4: grunt_bruiser_brothers, layout_gridlike, enter_ziggurat_e,
          pf_hell_entry_tar_river, bh_walls_and_bars, grunt_pan_entry_spiral,
          tgw_trog, uniq_josephina
Zot:1:    grunt_deathspiral_small, layout_concentric_octagons
Zot:2:    layout_basic, uniq_grunn
Zot:3:    kennysheep_spiral_hall, layout_misc_corridors,
          gammafunk_ghost_cemetery, nicolae_diode_stairs
Zot:4:    grunt_zot_stairs_faceoff, layout_basic, grunt_ministairs_14
Zot:5:    layout_cellular_growth

Skill      XL: |  1  2  3  4  5  6  7  8  9 10 11 12 13 14 15 16 17 18 19 20 21 22 23 24 25 |
---------------+----------------------------------------------------------------------------+-----
Axes           | 4 5 8 9 11 14 17 18 19 20 21 22 23 24 26 27 | 27.0
Fighting       | 5 8 10 12 14 15 17 18 20 22 24 26 27 | 27.0
Armour         | 5 7 8 9 11 12 13 14 15 16 17 19 20 21 23 24 | 24.1
Dodging        | 4 6 7 9 11 13 14 16 17 18 19 21 23 24 | 24.0
Throwing       | 1 4 5 7 8 9 10 11 12 13 14 15 17 19 20 | 20.3
Evocations     | 4 7 9 10 12 | 12.1

Action                   |  1- 3 |  4- 6 |  7- 9 | 10-12 | 13-15 | 16-18 | 19-21 | 22-24 | 25-27 || total
-------------------------+-------+-------+-------+-------+-------+-------+-------+-------+-------++-------
Melee: Hand axe          |    54 |    29 |       |       |       |       |       |       |       ||    83
       Headbutt          |     4 |    16 |    50 |    68 |   188 |   236 |   340 |   378 |    54 ||  1334
       Punch             |     1 |       |       |       |       |       |       |       |       ||     1
       Unarmed           |     2 |       |       |       |       |       |       |       |       ||     2
       Battleaxe         |       |    71 |   254 |       |    33 |    44 |     3 |       |       ||   405
       Executioner's axe |       |       |    25 |   381 |   800 |   980 |  1100 |  1284 |   181 ||  4751
Throw: Boomerang         |       |       |       |    20 |    32 |    37 |    20 |    25 |       ||   134
       Javelin           |       |       |       |       |    22 |    10 |       |    10 |    18 ||    60
       Dart              |       |       |       |       |    13 |       |       |       |       ||    13
Invok: Berserk           |     2 |     3 |    12 |    16 |    25 |     8 |    13 |     7 |     6 ||    92
       Trog's Hand       |       |       |     4 |     7 |     5 |     6 |     6 |     5 |     4 ||    37
       Brothers in Arms  |       |       |       |     2 |     3 |     2 |     4 |     7 |     6 ||    24
Evoke: Wand              |       |       |       |       |     1 |       |     3 |       |     4 ||     8
       Condenser vane    |       |       |       |       |       |       |     1 |     1 |       ||     2
  Use: Scroll            |       |    11 |    11 |    15 |    14 |     4 |     9 |     7 |     3 ||    74
       Potion            |       |       |       |     2 |     5 |     5 |     5 |     7 |     4 ||    28
 Stab: Distracted        |       |       |       |       |       |     2 |     1 |     1 |     1 ||     5
       Invisible         |       |       |       |       |       |       |     1 |       |       ||     1
       Confused          |       |       |       |       |       |       |       |     5 |       ||     5
Armor: Ring mail         |     9 |       |       |       |       |       |       |       |       ||     9
       Plate armour      |    19 |    72 |   271 |   273 |   631 |   763 |   330 |       |    41 ||  2400
       Skin              |     1 |       |       |       |       |       |       |       |       ||     1
       Gold dragon scale |       |       |       |       |       |       |   285 |   864 |   193 ||  1342
Dodge: Dodged            |    26 |    35 |   126 |   167 |   423 |   462 |   499 |   894 |   131 ||  2763
Block: Other             |       |       |       |       |    43 |   218 |   145 |       |       ||   406
       Reflection        |       |       |       |       |       |    10 |     2 |       |       ||    12
